 Dungeon Crawl Stone Soup version 0.23.2 (webtiles) character file.

Game seed: 10059586227759602062

2477 Gingko the Cleaver (level 9, 0/70 HPs)
             Began as a Hill Orc Fighter on Apr 5, 2019.
             Was an Elder of Zin.
             Shot with an arrow by a centaur (2 damage)
             ... on level 8 of the Dungeon.
             The game lasted 00:46:31 (8710 turns).

Gingko the Cleaver (Hill Orc Fighter)               Turns: 8710, Time: 00:46:32

Health: 0/70       AC: 22    Str: 22    XL:     9   Next: 51%
Magic:  16/16      EV:  6    Int:  8    God:    Zin [****..]
Gold:   334        SH: 10    Dex: 10    Spells: 8/8 levels left

rFire    . . .     SeeInvis .   a - +0 war axe
rCold    + . .     Gourm    .   c - +0 shield
rNeg     . . .     Faith    .   t - +2 chain mail {rC+}
rPois    .         Spirit   .   S - +2 helmet
rElec    .         Reflect  .   Q - +2 cloak
rCorr    +         Harm     .   E - +1 pair of gloves
MR       .....                  L - +0 pair of boots
Stlth    ..........             (no amulet)
HPRegen  0.21/turn              J - ring of resist corrosion
MPRegen  0.15/turn              P - ring of wizardry

@: no status effects
A: no striking features
a: Recite, Vitalisation, Imprison, Donate Gold, Renounce Religion, Convert to
Beogh


You were on level 8 of the Dungeon.
You worshipped Zin.
Zin was greatly pleased with you.
You were hungry.

You visited 2 branches of the dungeon, and saw 9 of its levels.

You collected 463 gold pieces.
You donated 129 gold pieces to Zin.

Inventory:

Hand Weapons
 a - a +0 war axe (weapon)
 u - a +0 shortbow of freezing
 F - a +5 flail of protection
 K - a +0 flail of crushing
Missiles
 g - 85 arrows
 h - 22 poisoned needles
 o - 10 javelins (quivered)
 O - 3 tomahawks
Armour
 b - a +0 scale mail
 c - a +0 shield (worn)
 t - a +2 chain mail of cold resistance (worn)
 E - a +1 pair of gloves (worn)
 I - a +1 ring mail of poison resistance
 L - a +0 pair of boots (worn)
 M - a +2 hat
 Q - a +2 cloak (worn)
 S - a +2 helmet (worn)
Jewellery
 J - a ring of resist corrosion (left hand)
 P - a ring of wizardry (right hand)
Wands
 A - a wand of enslavement (9)
 C - a wand of random effects (10)
 G - a wand of acid (1)
 H - a wand of iceblast (8)
Scrolls
 e - 4 scrolls of magic mapping
 k - a scroll of remove curse {unknown}
 m - 4 scrolls of amnesia
 n - a scroll of fear {unknown}
 q - a scroll of noise {unknown}
 s - 2 scrolls of enchant armour
 v - 4 scrolls of immolation {unknown}
 w - 2 scrolls of blinking
 y - a scroll of enchant weapon {unknown}
Potions
 d - a potion of might
 i - a potion of lignification
 j - a potion of flight
 l - a potion of invisibility
 x - a potion of curing
 z - a potion of agility {unknown}
 D - a potion of magic {unknown}
 N - a potion of mutation {unknown}
Comestibles
 f - 19 rations


   Skills:
 - Level 3.6 Fighting
 + Level 10.4 Axes
 - Level 6.1 Armour
 - Level 6.0 Shields
 + Level 9.4 Invocations


You had 8 spell levels left.
You didn't know any spells.
Your spell library was empty.

Dungeon Overview and Level Annotations

Branches:
Dungeon (8/15)             Temple (1/1) D:6
   Lair: D:8-11

Altars:
Ashenzari
Dithmenos
Elyvilon
Hepliaklqana
Kikubaaqudgha
Makhleb
Nemelex Xobeh
Okawaru
Qazlal
Sif Muna
Trog
Uskayaw
Vehumet
Wu Jian
Xom
Zin
The Shining One
Jiyva

Annotations:
D:2 Sigmund
D:6 exclusion: statue


Message History

The orc shouts!
The centaur shoots an arrow.
The arrow hits you!
* * * LOW HITPOINT WARNING * * *
The arrow burns you.
* * * LOW HITPOINT WARNING * * *
The orc priest shouts, "Join the one true god or die!"
You see here an arrow.
The orc shouts!
The centaur shoots an arrow.
The arrow hits you but does no damage.
The centaur shoots an arrow.
The arrow hits you!
* * * LOW HITPOINT WARNING * * *
The arrow burns you.
* * * LOW HITPOINT WARNING * * *
The orc priest miscasts a cantrip.
You hear a shout!
You see here an arrow.
The centaur shoots an arrow.
The arrow hits you.
* * * LOW HITPOINT WARNING * * *
The arrow burns you.
You die...

#.o5.c{o.......#
#########)[.#)#........
...%....oo###.#........
#........# #((o.......
#......[.####o(.......
#........(...c(...####
##.......(.....!...#
........(...........#
%......@.............#
.....##.#.#....#.....#
.... ....#....#.......
... ##...#....#.......
.........#.......
....$......#.####
........ ....#....


You could see a centaur, an orc priest and 2 orcs.

Vanquished Creatures
  A hornet (D:8)
  Edmund (D:5)
  An ice beast (D:7)
  A sky beast (D:7)
  5 centaurs
  An ogre (D:6)
  5 bullfrogs
  A gnoll sergeant (D:7)
  A scorpion (D:4)
  A howler monkey (D:4)
  3 crimson imps
  4 hounds
  4 orc wizards
  A bullfrog zombie (D:7)
  An orc priest (D:8)
  A bullfrog skeleton (D:5)
  A centaur skeleton (D:8)
  Ijyb (D:5)
  3 iguanas
  8 worker ants
  A hound skeleton (D:6)
  A worker ant zombie (D:7)
  Robin (D:4)
  7 gnolls
  5 adders
  A shadow imp (D:5)
  An adder skeleton (D:5)
  2 worms (D:2)
  2 dart slugs
  3 leopard geckos
  20 orcs
  9 bats
  5 giant cockroaches
  19 goblins
  11 hobgoblins
  4 jackals (D:6)
  9 kobolds
  4 quokkas
  3 ball pythons
  4 frilled lizards
  A leopard gecko skeleton (D:4)
  A quokka skeleton (D:7)
  5 rats
164 creatures vanquished.

Notes
Turn   | Place    | Note
-------+----------+-------------------------------------------
     0 | D:1      | Gingko the Hill Orc Fighter began the quest for the Orb.
     0 | D:1      | Reached XP level 1. HP: 19/19 MP: 1/1
   244 | D:1      | Reached skill level 3 in Axes
   273 | D:1      | Reached XP level 2. HP: 26/26 MP: 2/2
   846 | D:2      | HP: 1/26 [kobold (2)]
  1311 | D:2      | Found a stormy altar of Qazlal.
  1396 | D:2      | Noticed Sigmund
  1488 | D:2      | Reached XP level 3. HP: 31/31 MP: 3/3
  2201 | D:3      | Reached skill level 4 in Axes
  2518 | D:3      | Reached XP level 4. HP: 24/39 MP: 4/4
  3581 | D:4      | Reached skill level 5 in Axes
  3581 | D:4      | Reached skill level 5 in Shields
  3581 | D:4      | Reached XP level 5. HP: 29/45 MP: 5/5
  3816 | D:4      | Reached skill level 6 in Axes
  3816 | D:4      | Reached XP level 6. HP: 24/51 MP: 6/6
  4469 | D:4      | Found a glowing silver altar of Zin.
  4502 | D:4      | HP: 2/51 [poisoned by a worker ant]
  4694 | D:4      | Became a worshipper of Zin the Law-Giver
  4694 | D:4      | Reached * piety under Zin
  4695 | D:4      | Donated 83 gold pieces to Zin
  4791 | D:4      | Reached skill level 7 in Axes
  4791 | D:4      | Reached XP level 7. HP: 27/57 MP: 7/7
  5142 | D:4      | Noticed Robin
  5151 | D:4      | Killed Robin
  5363 | D:4      | Found a hide-covered altar of Uskayaw.
  5382 | D:4      | Found a bloodstained altar of Trog.
  5390 | D:4      | Found a shimmering altar of Xom.
  5488 | D:4      | Reached skill level 1 in Invocations
  5520 | D:4      | Reached ** piety under Zin
  5574 | D:5      | Entered Level 5 of the Dungeon
  5790 | D:5      | Noticed Ijyb
  5809 | D:5      | Killed Ijyb
  5966 | D:5      | Noticed Edmund
  6043 | D:5      | Reached skill level 5 in Armour
  6134 | D:5      | Killed Edmund
  6373 | D:5      | Reached XP level 8. HP: 61/64 MP: 11/11
  6407 | D:5      | Found an ancient bone altar of Kikubaaqudgha.
  6784 | D:6      | Reached *** piety under Zin
  6787 | D:6      | Reached skill level 5 in Invocations
  6819 | D:6      | Found a staircase to the Ecumenical Temple.
  6831 | Temple   | Entered the Ecumenical Temple
  7050 | D:6      | Found an ornate altar of the Wu Jian Council.
  7311 | D:6      | Reached skill level 8 in Axes
  7338 | D:6      | Found a radiant altar of Vehumet.
  7501 | D:6      | Found a sparkling altar of Nemelex Xobeh.
  7861 | D:7      | Reached skill level 9 in Axes
  7861 | D:7      | Reached XP level 9. HP: 59/70 MP: 13/15
  7984 | D:7      | Reached **** piety under Zin
  8569 | D:8      | Noticed a hornet
  8581 | D:8      | Killed a hornet
  8581 | D:8      | Reached skill level 10 in Axes
  8710 | D:8      | HP: 2/70 [centaur/arrow (3)]
  8710 | D:8      | Shot with an arrow by a centaur

Skill      XL: |  1  2  3  4  5  6  7  8  9 |
---------------+----------------------------+-----
Axes           | 3 4 5 6 7 9 10 | 10.4
Shields        | 4 5 6 |  6.0
Armour         | 5 6 |  6.1
Invocations    | 4 8 9 |  9.4
Fighting       | |  3.6

Action                   |  1- 3 |  4- 6 |  7- 9 || total
-------------------------+-------+-------+-------++-------
Melee: War axe           |   166 |   159 |   359 ||   684
Throw: Javelin           |       |       |     2 ||     2
Invok: Donate Gold       |       |     1 |       ||     1
       Recite            |       |       |     9 ||     9
Evoke: Wand              |       |       |    11 ||    11
  Use: Potion            |       |     2 |     3 ||     5
       Scroll            |       |       |    12 ||    12
 Stab: Confused          |       |       |     1 ||     1
       Invisible         |       |       |     1 ||     1
  Eat: Chunk             |     5 |     8 |    12 ||    25
Armor: Scale mail        |   100 |    61 |    22 ||   183
       Ring mail         |       |       |    12 ||    12
       Chain mail        |       |       |   165 ||   165
Dodge: Dodged            |    72 |    44 |    79 ||   195
Block: Shield            |    93 |    92 |   197 ||   382
